 Dungeon Crawl Stone Soup version 0.14-a0-1663-g0b35444 (webtiles) character file.

182 Nicoed the Skirmisher (level 4, -4/41 HPs)
             Began as a Minotaur Berserker on Dec 29, 2013.
             Was a Priest of Trog.
             Slain by Grinder (5 damage)
             ... while paralysed by Grinder
             ... on Level 3 of the Dungeon.
             The game lasted 00:14:22 (2886 turns).

Nicoed the Skirmisher (Minotaur Berserker)          Turns: 2886, Time: 00:14:22

HP  -4/41        AC  7     Str 22      XL: 4   Next: 98%
MP   2/2         EV  2     Int  4      God: Trog [***...]
Gold 46          SH  0     Dex 10      Spells:  0 memorised,  3 levels left

rFire  . . .     SeeInvis .     q - +0 hand axe
rCold  . . .     Clarity  .     b - +1 orc scale mail
rNeg   . . .     Conserve .     i - +0 orc shield
rPois  .         rCorr    .     (helmet restricted)
rElec  .         rRot     .     (no cloak)
SustAb . .       Spirit   .     (no gloves)
rMut   .         Warding  .     (no boots)
Saprov . . .     Stasis   .     (no amulet)
                                (no ring)
                                (no ring)

@: paralysed, slightly resistant to hostile enchantments, extremely unstealthy
A: retaliatory headbutt, horns 2
a: Burn Spellbooks, Berserk, Trog's Hand, Renounce Religion


You were on level 3 of the Dungeon.
You worshipped Trog.
Trog was most pleased with you.
You were not hungry.

You visited 1 branch of the dungeon, and saw 4 of its levels.

You collected 46 gold pieces.

Inventory:

Hand weapons
 q - a +0,+0 hand axe (weapon)
Missiles
 l - 3 tomahawks (quivered)
Armour
 b - a +1 orcish scale mail (worn)
 i - a +0 orcish shield (worn)
 o - a +1 scale mail
Magical devices
 c - a wand of digging (13) {unknown}
 p - a wand of random effects (9) {unknown}
Comestibles
 d - a meat ration
 m - a pear
Scrolls
 a - a scroll of remove curse {unknown}
 e - a scroll of teleportation {unknown}
 f - a scroll of curse jewellery {unknown}
 h - 5 scrolls of identify {unknown}
 r - a scroll of fear {unknown}
Potions
 j - 2 potions of paralysis {unknown}


   Skills:
 + Level 4.5 Fighting
 + Level 4.3 Axes
 + Level 0.2 Throwing
 + Level 3.4 Armour
 + Level 3.5 Dodging
 + Level 0.3 Stealth
 + Level 1.2 Shields


You had 3 spell levels left.
You didn't know any spells.

Dungeon Overview and Level Annotations

Branches:
Dungeon (4/16)
 Temple: D:4-7

Altars:
the Shining One

Annotations:
D:3 Grinder


Innate Abilities, Weirdness & Mutations

You reflexively headbutt those who attack you in melee.
You have a pair of horns on your head.


Message History

Grinder hits you.
You writhe in agony.
You closely miss Grinder.
Grinder is lightly wounded.
Grinder hits you.
You writhe in agony.
Grinder gestures at you. Pain shoots through your body!
Grinder gestures at you.
You suddenly lose the ability to move!
Grinder says, "You look like you could use a good racking."
Grinder hits you. Grinder hits you!
* * * LOW HITPOINT WARNING * * *
You writhe in agony.
Grinder hits you.
* * * LOW HITPOINT WARNING * * *
You writhe in agony.
* * * LOW HITPOINT WARNING * * *
Grinder barely misses you. Grinder hits you.
You die...

..............#
..............#
...................#
#...................#
#............>......#
###...................#
......................#
.....................#
#...........@5.....#
#..................#
#..................#
#.######...........#
#.# #...........# #.#
#...........# #.#
#...........# #.#
#...........# #.#
#...........#


You could see Grinder.

Vanquished Creatures
  An orc wizard (D:2)
  4 adders
  A giant mite (D:2)
  A worm (D:4)
  A giant gecko (D:3)
  An ooze (D:2)
  3 orcs
  5 giant cockroaches
  12 goblins
  7 hobgoblins
  3 kobolds (D:2)
  2 quokkas (D:2)
  4 bats
  3 giant newts (D:2)
  9 rats
57 creatures vanquished.

Notes
Turn   | Place    | Note
--------------------------------------------------------------
     0 | D:1      | Nicoed, the Minotaur Berserker, began the quest for the Orb.
     0 | D:1      | Reached XP level 1. HP: 19/19 MP: 1/1
   104 | D:1      | Reached XP level 2. HP: 22/27 MP: 1/1
   216 | D:1      | Reached skill level 4 in Axes
   359 | D:1      | Acquired Trog's second power
  1014 | D:2      | Reached XP level 3. HP: 29/33 MP: 2/2
  1230 | D:2      | Found a glowing golden altar of the Shining One.
  1772 | D:3      | Reached XP level 4. HP: 31/41 MP: 2/2
  2025 | D:2      | Reached skill level 1 in Shields
  2305 | D:3      | Noticed Grinder
  2306 | D:3      | Paralysed by Grinder for 6 turns
  2880 | D:3      | Paralysed by Grinder for 7 turns
  2883 | D:3      | HP: 2/41 [Grinder (5)]
  2886 | D:3      | Slain by Grinder

Action                   |  1- 3 |  4- 6 || total
-------------------------+-------+-------++-------
Melee: Hand axe          |    80 |    50 ||   130
       Unarmed           |    17 |       ||    17
Throw: Tomahawk          |     1 |       ||     1
  Use: Potion            |     2 |     2 ||     4
